ElectroBlueGuy, neutral male human Archeologist --- ----- ---- ---..--- --.|.----- --- ---- |..| .......--- |.....|..--- --..-- --..-- ---..| ......(| ---- --.|.......--- |....---....---....| .....-- |..| ---- -----.......| |.................-- .*..| |..-- |..-- |....>.-- |.........---.....| ---- -...-- --..---...--- ---- --.....-| |......---- |.....-----..| -...-----..........| --%.-- |.......---. |......| ----....--...--------..%)--...--.|.....---....---........|.- |......---------..........[).)............)..--.-..........|...........| --........................ud....%......)(..)..^.............*..........--- ----....-------......--....------.....<).[-)..------.--....)..).........| --.--- |......---|...-- --.........--..- -----.|..............-- --- |......| ----- |.....-----|...| -----.............| --.....-- --....| -... |.............| --.....-- |....| -...- --...........-- |......-- |..--- ..| |.........--- ---.....-- ---- .-- |.--....--- -----..| -- ------.-- --.| --- --- ElectroBlueGuy the Investigator Experience level: 6 Strength: 18 Dexterity: 7 Constitution: 10 Intelligence: 16 Wisdom: 18 Charisma: 8 Health: 0(58) Energy: 30(30) Def: 10 Gold: 560 Moves: 2315 Dungeon seed: O4kzweS7B5fGSoyZ Game ID: ElectroBlueGuy_1571573379 Your Inventory: Coins $ - 560 gold pieces Weapons H - 4 +1 darts (in quiver) Armor w - an uncursed +0 dwarvish cloak (being worn) y - an uncursed +0 pair of iron shoes (being worn) N - an uncursed +0 dwarvish mithril-coat (being worn) Y - an uncursed +0 dwarvish iron helm (being worn) Scrolls i - a cursed scroll of remove curse m - an uncursed scroll of fire B - an uncursed scroll of enchant armor C - an uncursed scroll of confuse monster Rings k - an uncursed ring of slow digestion (on left hand) Tools c - a +0 pick-axe (weapon in hand) f - an uncursed sack Gems q - an uncursed touchstone Contents of the sack: a +2 bullwhip 8 uncursed food rations an uncursed tin of jackal meat an uncursed tin of kobold shaman meat 2 uncursed tripe rations a wand of make invisible (0:6) a blessed tallow candle (0:200) a tinning kit (0:96) Spells and supernatural/magical abilities: Name Level Category Fail Memory W - pray for help -- divine ? -- Your skills at the end: Fighting Skills Weapon Skills pick-axe [Skilled] whip [Basic] Spellcasting Skills Final Attributes: You were piously aligned. You were invisible. You were stealthy. You had slower digestion. You were fast. You are dead. Vanquished creatures: a leprechaun 2 brown puddings a dwarf lord a dust vortex a wood nymph a shrieker a violet fungus 4 gnome lords a gray ooze a floating eye 5 dwarves 2 kobold lords 2 hill orcs a rabid rat a wererat a werejackal an iguana a coyote 2 hobbits 2 large kobolds 2 giant rats 17 gnomes 5 geckos 4 jackals a fox a kobold 2 grid bugs 6 lichens a kobold zombie 3 newts 74 creatures vanquished. Voluntary challenges: You were an atheist. You used a wielded weapon 104 times, starting on turn 47. You were illiterate. You never genocided any monsters. You never polymorphed an object. You never changed form. You used no wishes. You split 1 pudding, starting on turn 2202. You never wrote Elbereth's name. You never violated your personal moral code. Dungeon overview: The Dungeons of Doom: levels 1 to 4 Level 1 a fountain a long staircase Level 2 a fountain Level 3 a general store Level 4 stairs to The Gnomish Mines The Gnomish Mines: levels 5 to 6 Level 5 stairs to The Dungeons of Doom Level 6 <- You were here History has recorded: On T:1 you entered the Dungeons of Doom to retrieve the Amulet of Yendor! On T:228 you reached level 2 of The Dungeons of Doom. On T:357 you advanced to experience level 2. On T:553 you reached level 3 of The Dungeons of Doom. On T:922 you reached level 4 of The Dungeons of Doom. On T:959 you advanced to experience level 3. On T:1142 you reached level 1 of The Gnomish Mines. On T:1153 you advanced to experience level 4. On T:1361 you advanced to experience level 5. On T:1908 you reached level 2 of The Gnomish Mines. On T:1943 you advanced to experience level 6. Score breakdown: Gold: 560 ( 9351 points) Experience: 6 levels (12456 points) Exploration: 6 levels ( 12.00%) ( 9583 points) Discoveries: 11 items ( 3.69%) ( 5763 points) Valuables value: (no points given unless you survive) Artifact value: 0 ( 0 points) Variety of kills: 30 monsters ( 7.87%) ( 8418 points) Turncount: 2315 turns ( -217 points) Survival: died (score multiplied by 80%) Total score: 36283 Latest messages: The black unicorn kicks! You miss the black unicorn. The black unicorn butts! The black unicorn kicks! You miss the black unicorn. The black unicorn butts! The black unicorn misses. The dog misses the black unicorn. You miss the black unicorn. The black unicorn butts! The black unicorn kicks! The dog misses the black unicorn. The black unicorn misses. The black unicorn kicks! You miss the black unicorn. The black unicorn butts! The black unicorn kicks! The dog bites the black unicorn. The black unicorn misses the dog. The black unicorn hits the dog. The black unicorn butts! You die... Final status: Goodbye ElectroBlueGuy the Archeologist, killed by a black unicorn... You died in The Gnomish Mines on dungeon level 6 with 36283 points, and 560 pieces of gold, after 2315 moves. You were level 6 with a maximum of 58 hit points when you died.